 Dungeon Crawl Stone Soup version 0.23.2-30-g0e89c35649 (webtiles) character file.

Game seed: 2288798242393697542

30940 Solarlg the Fighter (level 13, -8/125 HPs)
             Began as a Minotaur Fighter on June 11, 2019.
             Was a High Priest of Makhleb.
             Killed from afar by a hell hound (10 damage)
             ... with a blast of flame
             ... on level 5 of the Lair of Beasts.
             The game lasted 01:08:20 (15870 turns).

Solarlg the Fighter (Minotaur Fighter)             Turns: 15870, Time: 01:08:21

Health: -8/125     AC: 13    Str: 26    XL:     13   Next: 23%
Magic:  19/19      EV:  7    Int:  5    God:    Makhleb [*****.]
Gold:   1033       SH: 20    Dex: 10    Spells: 22/22 levels left

rFire    . . .     SeeInvis .   P - +0 trident (flame)
rCold    . . .     Gourm    +   T - +2 large shield
rNeg     . . .     Faith    .   D - +5 scale mail "Keozeeg" {Stlth+}
rPois    .         Spirit   .   (helmet restricted)
rElec    .         Reflect  .   I - +0 cloak
rCorr    .         Harm     .   (no gloves)
MR       .....                  (no boots)
Stlth    +.........             N - amulet of the gourmand
HPRegen  0.30/turn              (no ring)
MPRegen  0.16/turn              (no ring)

@: very slightly contaminated
A: retaliatory headbutt, horns 2
a: Minor Destruction, Lesser Servant of Makhleb, Major Destruction, Greater
Servant of Makhleb, Renounce Religion


You were on level 5 of the Lair of Beasts.
You worshipped Makhleb.
Makhleb was extremely pleased with you.
You were completely stuffed.

You visited 3 branches of the dungeon, and saw 16 of its levels.

You collected 1033 gold pieces.

Inventory:

Hand Weapons
 t - a +1 great mace of crushing
 w - a +0 shortbow
 G - a +2 quarterstaff of chaos
 L - a +3 spear
 O - a +1 mace of holy wrath
 P - a +0 trident of flaming (weapon)
 Q - a +4 war axe of distortion
 Y - the +12 quarterstaff of Perfectionism {flame, rN++, unknown}
   (You found it on level 6 of the Lair of Beasts)

   It has been specially enchanted to burn those struck by it, causing extra
   injury to most foes and up to half again as much damage against particularly
   susceptible opponents.
   It greatly protects you from negative energy.
Missiles
 x - 181 arrows
 H - 4 tomahawks of dispersal (quivered)
Armour
 D - the +5 scale mail "Keozeeg" (worn) {Stlth+}
   (You found it on level 5 of the Dungeon)

   It makes you more stealthy.
 I - a +0 cloak (worn)
 T - a +2 large shield (worn)
Jewellery
 l - an uncursed ring of ice
 r - a cursed -2 ring of intelligence {unknown}
 u - an uncursed amulet of magic regeneration
 v - an uncursed amulet of regeneration {unknown}
 N - an amulet of the gourmand (around neck)
 U - an uncursed ring of positive energy {unknown}
 V - an uncursed ring of protection from magic {unknown}
Wands
 a - a wand of random effects (12)
 m - a wand of clouds (7)
 s - a wand of digging (9)
 K - a wand of enslavement (8)
 R - a wand of flame (29)
Scrolls
 b - 4 scrolls of remove curse
 c - 2 scrolls of magic mapping {unknown}
 g - 2 scrolls of enchant armour {unknown}
 h - 5 scrolls of teleportation
 i - 2 scrolls of blinking
 n - 9 scrolls of identify
 q - 2 scrolls of fear
 F - a scroll of enchant weapon {unknown}
 M - a scroll of fog {unknown}
 S - 2 scrolls of brand weapon {unknown}
 W - a scroll of amnesia {unknown}
 X - a scroll of silence {unknown}
 Z - 4 scrolls of acquirement {unknown}
Potions
 d - a potion of might
 e - a potion of magic {unknown}
 j - 4 potions of brilliance {unknown}
 k - 4 potions of curing
 o - 4 potions of degeneration
 p - a potion of ambrosia {unknown}
 z - 3 potions of lignification {unknown}
 A - 6 potions of flight
 B - a potion of mutation {unknown}
 C - a potion of berserk rage {unknown}
 E - 2 potions of heal wounds
 J - 2 potions of resistance {unknown}
Comestibles
 f - 31 rations
 y - 6 chunks of flesh


   Skills:
 + Level 14.9 Fighting
 - Level 14.0 Polearms
 - Level 3.6 Armour
 - Level 10.2 Shields
 - Level 5.0 Spellcasting
 + Level 10.0 Invocations


You had 22 spell levels left.
You didn't know any spells.
Your spell library contained the following spells:

 Spells                   Type           Power        Failure   Level  Hunger
 Apportation              Tloc           #.....       99%         1    ##.....
 Corona                   Hex            #......      99%         1    ##.....
 Magic Dart               Conj           #...         99%         1    ##.....
 Summon Butterflies       Summ           #.......     99%         1    ##.....
 Summon Small Mammal      Summ           #...         99%         1    ##.....
 Blink                    Tloc           N/A          100%        2    ###....
 Call Imp                 Summ           #.......     100%        2    ###....
 Ensorcelled Hibernation  Hex/Ice        #.....       100%        2    ###....
 Slow                     Hex            #.......     100%        2    ###....
 Call Canine Familiar     Summ           #.......     100%        3    ####...
 Confuse                  Hex            #.......     100%        3    ####...
 Conjure Flame            Conj/Fire      #.......     100%        3    ####...
 Dazzling Spray           Conj/Hex       #.....       100%        3    ####...
 Lesser Beckoning         Tloc           #.........   100%        3    ####...
 Mephitic Cloud           Conj/Pois/Air  #.......     100%        3    ####...
 Summon Guardian Golem    Hex/Summ       #.......     100%        3    ####...
 Tukima's Dance           Hex            #.......     100%        3    ####...
 Ice Form                 Ice/Tmut       #.......     100%        4    #####..
 Summon Ice Beast         Ice/Summ       #.......     100%        4    #####..
 Summon Lightning Spire   Summ/Air       #.......     100%        4    #####..
 Alistair's Intoxication  Tmut/Pois      #.......     100%        5    ######.
 Bolt of Magma            Conj/Fire/Erth #.........   100%        5    ######.
 Irradiate                Conj/Tmut      #.........   100%        5    ######.
 Iskenderun's Battlesphe  Conj/Chrm      #.......     100%        5    ######.
 Metabolic Englaciation   Hex/Ice        #.........   100%        5    ######.
 Venom Bolt               Conj/Pois      #.........   100%        5    ######.
 Bolt of Cold             Conj/Ice       #.........   100%        6    #######
 Freezing Cloud           Conj/Ice/Air   #.........   100%        6    #######
 Hydra Form               Tmut           #.........   100%        6    #######
 Invisibility             Hex            #.......     100%        6    #######
 Iron Shot                Conj/Erth      #.........   100%        6    #######
 Ozocubu's Refrigeration  Ice            #.........   100%        6    #######
 Simulacrum               Ice/Necr       #.........   100%        6    #######
 Statue Form              Tmut/Erth      #........    100%        6    #######
 Dragon Form              Tmut           #.........   100%        7    #######
 Orb of Destruction       Conj           #.........   100%        7    #######
 Spellforged Servitor     Conj/Summ      #.........   100%        7    #######


Dungeon Overview and Level Annotations

Branches:
Dungeon (9/15)             Temple (1/1) D:4            Lair (6/6) D:9
  Swamp (0/4) Lair:4        Snake (0/4) Lair:2        Slime (0/5) Lair:6
    Orc: D:9-12

Altars:
Ashenzari
Cheibriados
Dithmenos
Elyvilon
Fedhas
Gozag
Hepliaklqana
Kikubaaqudgha
Makhleb
Nemelex Xobeh
Okawaru
Qazlal
Ru
Sif Muna
Trog
Uskayaw
Vehumet
Wu Jian
Xom
Yredelemnul
Zin
The Shining One
Jiyva

Annotations:
D:9 1 runed translucent door, Gingernuke's ghost, novice TrBe
Lair:5 1 transporter


Innate Abilities, Weirdness & Mutations

You reflexively headbutt those who attack you in melee.
You have a pair of horns on your head.


Message History

You assume a fearsome visage.
The hell hound is unaffected. x3
The hell hound breathes flames at you.
The blast of flame hits you but does no damage.
The hell hound breathes flames at you. The blast of flame hits you!
* * * LOW HITPOINT WARNING * * *
The hell hound breathes flames at you. The blast of flame misses you.
The hell hound bites you but does no damage.
You block the hell hound's attack.
Evoke which item? (* to show all) (? for menu, Esc to quit)
Okay, then.
Blink to where?
Press: ? - help, Dir - move target cursor You are very lightly contaminated with residual magic.
As you read the scroll of blinking, it crumbles to dust.
Some of the chunks of flesh in your inventory have rotted away.
The hell hound breathes flames at you. The blast of flame hits you!
You die...

#..................###......#
##.................. ##$....#
#.............#...## ....##..
###..........##PP.# #P#......
##...........## ## ##..P.
#...).........## ...#
#..............####### ...#
#.................##.## ...
##............@.......###
#.#.....................#
##......................#
##PP..............hh....#
#P....#.................#
###....#..............h...#
.#.....###................#
#....######...#..........ยง#
#.......##......##.......##
#+++#


You could see 3 hell hounds.

Vanquished Creatures
  Rupert (Lair:6)
  Kirke (Lair:5)
  Harold (D:9)
  A hydra (Lair:6)
  Sonja (Lair:1)
  2 elephants (Lair:6)
  4 black mambas
  Joseph (D:7)
  2 rime drakes
  8 spiny frogs
  A torpor snail (Lair:6)
  2 komodo dragons
  6 blink frogs
  13 hippogriffs
  A polar bear (Lair:3)
  13 dream sheep
  2 spriggans (Lair:3)
  13 yaks
  2 hogs (Lair:5)
  4 basilisks
  2 nagas (Lair:2)
  2 insubstantial wisps (Lair:4)
  4 wargs
  Duvessa (D:7)
  6 water moccasins
  2 porcupines (Lair:5)
  A hell hound (Lair:6)
  A swamp drake (Lair:6)
  5 orc warriors
  2 sky beasts
  4 phantoms
  7 black bears
  A necrophage (D:5)
  An ice beast (D:9)
  An ogre (D:9)
  5 wolves (Lair:6)
  An eye of draining (D:8)
  4 centaurs
  9 crocodiles
  14 bullfrogs
  A big kobold (D:8)
  Dowan (D:7)
  2 water moccasin skeletons
  3 scorpions
  A howler monkey (D:4)
  7 wights
  2 crimson imps
  2 hounds
  2 jellies (D:9)
  A bullfrog zombie (D:7)
  7 orc priests
  3 bullfrog skeletons
  6 orc wizards
  Crazy Yiuf (D:6)
  4 iguanas
  5 worker ants
  3 hell rats (Lair:1)
  A killer bee zombie (D:8)
  A hound zombie (D:7)
  3 worker ant zombies
  9 adders
  4 gnolls
  2 river rats (Lair:1)
  A shadow imp (D:9)
  4 oozes
  2 adder zombies
  A worm (D:2)
  2 dart slugs (D:1)
  9 leopard geckos
  37 orcs
  A ball python (D:3)
  10 bats
  3 giant cockroaches
  8 goblins
  7 hobgoblins
  9 jackals
  8 kobolds
  4 quokkas
  7 frilled lizards
  3 quokka skeletons
  8 rats
347 creatures vanquished.

Vanquished Creatures (collateral kills)
  A hydra (Lair:2)
  An elephant (Lair:6)
  A spiny frog (Lair:6)
  A rime drake (Lair:2)
  3 dream sheep (Lair:5)
  6 blink frogs
  2 yaks (Lair:2)
  2 basilisks
  3 insubstantial wisps (Lair:4)
  2 porcupines
  A black bear (Lair:2)
  3 crocodiles
  A bullfrog (Lair:3)
27 creatures vanquished.

Vanquished Creatures (others)
  3 fungi (Lair:6)
  14 plants
17 creatures vanquished.

Grand Total: 391 creatures vanquished

Notes
Turn   | Place    | Note
-------+----------+-------------------------------------------
     0 | D:1      | Solarlg the Minotaur Fighter began the quest for the Orb.
     0 | D:1      | Reached XP level 1. HP: 19/19 MP: 0/0
    36 | D:1      | Reached XP level 2. HP: 26/26 MP: 1/1
   341 | D:1      | Reached XP level 3. HP: 30/31 MP: 2/2
   899 | D:2      | Reached skill level 5 in Polearms
   951 | D:2      | Reached XP level 4. HP: 28/39 MP: 3/3
  2007 | D:3      | Reached XP level 5. HP: 45/45 MP: 4/4
  2122 | D:3      | Found a faded altar of an unknown god.
  2327 | D:4      | Found a staircase to the Ecumenical Temple.
  2358 | Temple   | Entered the Ecumenical Temple
  2599 | Temple   | Became a worshipper of Makhleb the Destroyer
  2713 | D:4      | Reached XP level 6. HP: 51/51 MP: 5/5
  2897 | D:4      | Found a shadowy altar of Dithmenos.
  3603 | D:5      | Entered Level 5 of the Dungeon
  3611 | D:5      | Reached XP level 7. HP: 44/57 MP: 6/6
  3813 | D:5      | Reached * piety under Makhleb
  3813 | D:5      | Reached skill level 10 in Polearms
  4312 | D:5      | Got an iridescent mace
  4318 | D:5      | Got a distressingly furry scale mail
  4319 | D:5      | Identified the cursed +2 mace of Myutze {pain, +Rage rF+
                  | MR- Int+5} (You found it on level 5 of the Dungeon)
  4321 | D:5      | Identified the +5 scale mail "Keozeeg" {Stlth+} (You found
                  | it on level 5 of the Dungeon)
  4987 | D:5      | Reached XP level 8. HP: 62/64 MP: 7/7
  5164 | D:6      | Found a runed translucent door.
  5165 | D:6      | Noticed Crazy Yiuf
  5967 | D:6      | Reached ** piety under Makhleb
  6457 | D:6      | Killed Crazy Yiuf
  6579 | D:7      | Noticed Joseph
  7096 | D:7      | Killed Joseph
  7096 | D:7      | Reached XP level 9. HP: 42/70 MP: 8/8
  7452 | D:7      | Noticed Dowan
  7452 | D:7      | Noticed Duvessa
  7541 | D:7      | Killed Duvessa
  7551 | D:7      | Killed Dowan
  7551 | D:7      | Reached skill level 5 in Fighting
  7695 | D:7      | Found a sparkling altar of Nemelex Xobeh.
  8477 | D:8      | Reached skill level 10 in Fighting
  8477 | D:8      | Reached XP level 10. HP: 93/93 MP: 9/9
  8512 | D:9      | Reached *** piety under Makhleb
  8580 | D:9      | Reached skill level 5 in Shields
  8598 | D:9      | Found a staircase to the Lair.
  9157 | D:9      | Noticed Harold
  9189 | Lair:1   | Entered Level 1 of the Lair of Beasts
  9488 | D:9      | Killed Harold
  9717 | D:9      | Found a runed translucent door.
  9718 | D:9      | Noticed Gingernuke's ghost (novice TrBe)
  9749 | D:9      | Reached skill level 10 in Shields
 10282 | Lair:1   | Reached skill level 1 in Invocations
 10486 | Lair:1   | Noticed Sonja
 10712 | Lair:1   | Killed Sonja
 10712 | Lair:1   | Reached XP level 11. HP: 64/99 MP: 11/13
 10979 | Lair:1   | Reached skill level 5 in Invocations
 11588 | Lair:2   | Found a staircase to the Snake Pit.
 11799 | Lair:2   | Noticed a five-headed hydra
 11828 | Lair:2   | Killed a five-headed hydra
 11940 | Lair:2   | Reached **** piety under Makhleb
 12581 | Lair:3   | Reached skill level 1 in Spellcasting
 12818 | Lair:3   | Found a shattered altar of Ashenzari.
 13463 | Lair:4   | Reached XP level 12. HP: 76/112 MP: 15/17
 13614 | Lair:4   | Reached skill level 5 in Spellcasting
 13784 | Lair:4   | Found a staircase to the Swamp.
 14281 | Lair:5   | Found a transporter.
 14498 | Lair:5   | Noticed Kirke
 14517 | Lair:5   | Killed Kirke
 14840 | Lair:5   | Reached skill level 10 in Invocations
 14903 | Lair:5   | You fall through a shaft!
 14903 | Lair:6   | Entered Level 6 of the Lair of Beasts
 14903 | Lair:6   | Noticed a four-headed hydra
 14928 | Lair:6   | Got a jewelled quarterstaff
 15131 | Lair:6   | Noticed a five-headed hydra
 15140 | Lair:6   | Killed a five-headed hydra
 15163 | Lair:6   | Noticed Rupert
 15191 | Lair:6   | Killed Rupert
 15210 | Lair:6   | Found a viscous altar of Jiyva.
 15210 | Lair:6   | Found a staircase to the Slime Pits.
 15316 | Lair:6   | Reached XP level 13. HP: 92/123 MP: 19/19
 15796 | Lair:6   | Reached ***** piety under Makhleb
 15867 | Lair:5   | HP: 1/125 [hell hound/blast of flame (14)]
 15870 | Lair:5   | Killed from afar by a hell hound

Skill      XL: |  1  2  3  4  5  6  7  8  9 10 11 12 13 |
---------------+----------------------------------------+-----
Polearms       | 3 4 5 6 7 9 11 13 14 | 14.0
Fighting       | 10 11 13 14 | 14.9
Shields        | 10 | 10.2
Invocations    | 4 6 10 | 10.0
Spellcasting   | 4 5 |  5.0
Armour         | |  3.6

Action                   |  1- 3 |  4- 6 |  7- 9 | 10-12 | 13-15 || total
-------------------------+-------+-------+-------+-------+-------++-------
Melee: Trident           |   113 |   170 |   444 |   728 |   167 ||  1622
       Headbutt          |    14 |    26 |    70 |   152 |    30 ||   292
       Spear             |       |       |       |    61 |       ||    61
       Unarmed           |       |       |       |     3 |       ||     3
Invok: Lesser Servant of |       |       |       |    15 |       ||    15
       Minor Destruction |       |       |       |     1 |       ||     1
  Use: Scroll            |       |       |     2 |     8 |     2 ||    12
       Potion            |       |       |     4 |     1 |     1 ||     6
 Stab: Distracted        |       |       |       |     3 |     1 ||     4
  Eat: Chunk             |       |     8 |    10 |    41 |     2 ||    61
       Ration            |       |       |     2 |       |       ||     2
Armor: Scale mail        |    42 |    35 |   121 |   145 |    43 ||   386
Dodge: Dodged            |    25 |    29 |    57 |   100 |    29 ||   240
Block: Shield            |    42 |    47 |   138 |    60 |       ||   287
       Large shield      |       |       |       |   460 |   169 ||   629
